 Dungeon Crawl Stone Soup version 0.29.0-4-gdea44cf6ec (webtiles) character file.

Game seed: 16593734782040495572

420 qw the Chopper (level 6, -2/37 HPs)
             Began as a Tengu Warper on Aug 28, 2022.
             Slain by an ogre
             ... wielding a +0 giant club
              (18 damage)
             ... on level 5 of the Dungeon.
             The game lasted 00:00:26 (4424 turns).

qw the Chopper (Tengu Warper)                       Turns: 4424, Time: 00:00:27

Health: -2/37      AC: 11    Str: 13    XL:     6   Next: 94%
Magic:  10/10      EV: 10    Int: 14    God:
Gold:   21         SH:  0    Dex: 13    Spells: 9/9 levels left

rFire   + + .      SeeInvis +   l - +0 war axe
rCold   x . .      Faith    .   (no shield)
rNeg    . . .      Spirit   .   j - +0 fire dragon scales
rPois   .          Reflect  .   (helmet restricted)
rElec   .          Harm     .   (no cloak)
rCorr   .          Rampage  .   m - +2 pair of gloves
Will    .....                   (boots unavailable)
Stlth   ..........              (no amulet)
HPRegen 0.12/turn               i - +4 ring of slaying {mikee}
MPRegen 0.12/turn               g - ring of see invisible

@: flying quickly and evasively, quick
A: beak, talons 3, nimble flight
a: no special abilities


You were on level 5 of the Dungeon.
You visited 1 branch of the dungeon, and saw 5 of its levels.

You collected 224 gold pieces.
You spent 203 gold pieces at shops.


Innate Abilities, Weirdness & Mutations

You have a beak for a mouth.
You have claws for feet.
Your magical nature lets you fly swiftly and evasively.


   Skills:
 - Level 3.2 Fighting
 + Level 7.0 Axes
 - Level 1.0 Throwing
 - Level 2.3 Armour
 - Level 2.1 Dodging
 - Level 2.0 Spellcasting
 - Level 2.4 Translocations


You had 9 spell levels left.
You didn't know any spells.
Your spell library contained the following spells:

 Spells                   Type           Power      Damage    Failure   Level
 Blink                    Tloc           16%        N/A       65%         2
 Gell's Gravitas          Tloc           8%         N/A       86%         3
 Lesser Beckoning         Tloc           8%         N/A       86%         3
 Teleport Other           Tloc           8%         N/A       86%         3
 Manifold Assault         Tloc           8%         N/A       100%        5

Inventory:

Hand Weapons
 c - a +0 flail
 l - a +0 war axe (weapon)
 Y - a +2 hand axe
Armour
 d - a +0 chain mail
 j - +0 fire dragon scales (worn)
 m - a +2 pair of gloves (worn)
Jewellery
 a - a ring of resist corrosion
 g - a ring of see invisible (right hand)
 i - a +4 ring of slaying (left hand) {mikee}
Scrolls
 b - 3 scrolls of identify
 f - a scroll of teleportation
Potions
 e - a potion of attraction {unknown}
 h - a potion of cancellation {unknown}
 k - a potion of might {unknown}

Dungeon Overview and Level Annotations

Branches:
Dungeon (5/15)
 Temple: D:4-7

Altars:
Kikubaaqudgha

Shops:
D:5 ?

Annotations:
D:4 2 runed translucent doors


Message History

4387 ||| FLEEEEING.
You hear the quick rusting of a drain.
4388 ||| FLEEEEING.
4389 ||| FLEEEEING.
4390 ||| FLEEEEING.
4391 ||| FLEEEEING.
4396 ||| FLEEEEING.
4397 ||| FLEEEEING.
4398 ||| FLEEEEING.
4399 ||| FLEEEEING.
4400 ||| FLEEEEING.
4401 ||| FLEEEEING.
4402 ||| FLEEEEING.
4403 ||| FLEEEEING.
4404 ||| FLEEEEING.
4405 ||| FLEEEEING.
4406 ||| FLEEEEING.
4407 ||| FLEEEEING.
4408 ||| FLEEEEING.
4409 ||| FLEEEEING.
4410 ||| FLEEEEING.
4411 ||| FLEEEEING.
4412 ||| FLEEEEING.
4413 ||| FLEEEEING.
4414 ||| FLEEEEING.
Found an escape hatch in the ceiling.
You hit the ogre.
The ogre is lightly wounded.
The ogre closely misses you.
You hit the ogre. You claw the ogre, but do no damage.
Your peck misses the ogre.
The ogre is lightly wounded.
The ogre barely misses you.
You hit the ogre. Your peck misses the ogre.
The ogre is moderately wounded.
The ogre hits you with a +0 giant club!!
Ouch! That really hurt!
You hit the ogre.
The ogre is heavily wounded.
The ogre hits you with a +0 giant club!!
You die...

##......................##.
######...(..>..##............#.
#......#........#..............
#...%###........##.............
##....#.............)..........#
#....#.........###.))....#.###..
#.....##.......#....##...##.# #..
#......#.........O.##.......###..
.......#.###.#..@####...#........
.......).#####.....#:.###......##
...........##..#.<.... ......
.......##..##..##....... ......
...#....#.##. #..#... ..... #.
#....#.... #.# .. . ##....##....
.. . #...\..##..... ..#
####.............


You could see an ogre.

Vanquished Creatures
  A centaur (D:4)
  A necrophage (D:4)
  A hound (D:4)
  A jelly (D:4)
  An iguana (D:5)
  2 orc wizards (D:5)
  4 adders
  An ufetubus (D:5)
  A worm (D:2)
  2 dart slugs
  8 orcs
  6 ball pythons
  12 endoplasms
  5 giant cockroaches
  6 goblins
  9 hobgoblins
  10 jackals
  7 quokkas
  5 bats
  2 frilled lizards
  7 kobolds
  2 rats (D:2)
94 creatures vanquished.

Notes
Turn   | Place    | Note
-------+----------+-------------------------------------------
     0 | D:1      | qw the Tengu Warper began the quest for the Orb.
     0 | D:1      | Reached XP level 1. HP: 12/12 MP: 4/4
     0 | D:1      | 0 ||| qw: Version: 0.1-a-89-g26bdef1
     0 | D:1      | 0 ||| qw: Game counter: 2754
     0 | D:1      | 0 ||| qw: Always use a shield: true
     0 | D:1      | 0 ||| qw: God list: Okawaru
     0 | D:1      | 0 ||| qw: Allow faded altars: false
     0 | D:1      | 0 ||| qw: Do Orc after D:15 true
     0 | D:1      | 0 ||| qw: Do second Lair branch before Depths: true
     0 | D:1      | 0 ||| qw: Lair rune preference: random
     0 | D:1      | 0 ||| qw: Plans: Normal
     0 | D:1      | 0 ||| PLANNING D:1-11
   273 | D:1      | Reached skill level 3 in Axes
   273 | D:1      | Reached XP level 2. HP: 11/17 MP: 6/6
   490 | D:1      | Found a faded altar of an unknown god.
   622 | D:1      | 622 ||| Stepping ~*~*~tactically~*~*~ (stealth).
   689 | D:1      | 689 ||| Stepping ~*~*~tactically~*~*~ (stealth).
   695 | D:1      | Reached XP level 3. HP: 21/21 MP: 7/7
   711 | D:1      | Reached skill level 4 in Axes
  1022 | D:1      | 1022 ||| UPGRADING to +4 ring of slaying {mikee}.
  1023 | D:1      | 1023 ||| UPGRADING to ring of resist corrosion.
  1024 | D:1      | 1024 ||| READING scroll labelled HUSMAI BURU.
  1025 | D:1      | 1025 ||| READING scroll labelled KAOCEWE KEAFOT.
  1026 | D:1      | 1026 ||| DROPPING scroll of blinking.
  1072 | D:2      | 1072 ||| Stepping ~*~*~tactically~*~*~ (stealth).
  1074 | D:2      | 1074 ||| Stepping ~*~*~tactically~*~*~ (hiding).
  1080 | D:2      | 1080 ||| Stepping ~*~*~tactically~*~*~ (hiding).
  1108 | D:2      | 1108 ||| Stepping ~*~*~tactically~*~*~ (stealth).
  1358 | D:2      | 1358 ||| Stepping ~*~*~tactically~*~*~ (water).
  1714 | D:2      | 1714 ||| UPGRADING to ring of see invisible.
  1716 | D:2      | 1716 ||| READING scroll labelled GEAMAF TEUTUAL.
  1717 | D:2      | 1717 ||| READING scroll labelled HONU KEMPU.
  1718 | D:2      | 1718 ||| READING scroll labelled HUTOEH MENGUO.
  1719 | D:2      | 1719 ||| DRINKING 2 black potions.
  1720 | D:2      | 1720 ||| DROPPING potion of magic.
  1804 | D:3      | Reached XP level 4. HP: 25/26 MP: 8/8
  1874 | D:3      | Identified the +2 robe of the Valley of Death {rElec}
  1879 | D:3      | 1879 ||| Stepping ~*~*~tactically~*~*~ (stealth).
  1996 | D:3      | 1996 ||| DROPPING +0 club.
  2076 | D:3      | 2076 ||| Stepping ~*~*~tactically~*~*~ (stealth).
  2160 | D:3      | 2160 ||| Stepping ~*~*~tactically~*~*~ (stealth).
  2162 | D:3      | 2162 ||| Stepping ~*~*~tactically~*~*~ (stealth).
  2164 | D:3      | 2164 ||| Stepping ~*~*~tactically~*~*~ (stealth).
  2426 | D:3      | Reached skill level 5 in Axes
  2561 | D:3      | 2561 ||| UPGRADING to +0 scale mail.
  2571 | D:3      | 2571 ||| DROPPING +0 leather armour.
  2572 | D:3      | 2572 ||| READING scroll labelled EBRANYEMEG.
  2573 | D:3      | 2573 ||| READING scroll labelled CAHANO VURAN.
  2650 | D:4      | 2650 ||| READING scroll of enchant weapon.
  2650 | D:4      | 2650 ||| ENCHANTING +1 hand axe.
  2684 | D:4      | Found an ancient bone altar of Kikubaaqudgha.
  2722 | D:4      | Noticed a necrophage
  2727 | D:4      | Killed a necrophage
  2728 | D:4      | Gained mutation: Your magical nature lets you fly swiftly
                  | and evasively. [Tengu growth]
  2728 | D:4      | Reached XP level 5. HP: 30/30 MP: 9/9
  2769 | D:4      | 2769 ||| Stepping ~*~*~tactically~*~*~ (stealth).
  2934 | D:4      | 2934 ||| Stepping ~*~*~tactically~*~*~ (stealth).
  2941 | D:4      | 2941 ||| Stepping ~*~*~tactically~*~*~ (stealth).
  2994 | D:4      | Reached skill level 6 in Axes
  3101 | D:4      | Noticed a centaur
  3102 | D:4      | 3102 ||| Stepping ~*~*~tactically~*~*~ (hiding).
  3111 | D:4      | Killed a centaur
  3112 | D:4      | Reached XP level 6. HP: 11/35 MP: 10/10
  3140 | D:4      | 3140 ||| Stepping ~*~*~tactically~*~*~ (stealth).
  3150 | D:4      | 3150 ||| Stepping ~*~*~tactically~*~*~ (stealth).
  3152 | D:4      | 3152 ||| Stepping ~*~*~tactically~*~*~ (stealth).
  3411 | D:4      | 3411 ||| Stepping ~*~*~tactically~*~*~ (stealth).
  3412 | D:4      | 3412 ||| Stepping ~*~*~tactically~*~*~ (stealth).
  3423 | D:4      | Found a large runed translucent door.
  3424 | D:4      | Found a large runed translucent door.
  3792 | D:4      | 3792 ||| UPGRADING to +0 fire dragon scales.
  3802 | D:4      | 3802 ||| DROPPING +0 scale mail.
  3803 | D:4      | 3803 ||| UPGRADING to +1 pair of gloves.
  3808 | D:4      | 3808 ||| READING scroll labelled CUDAGAHOIHUER.
  3809 | D:4      | 3809 ||| DRINKING 2 murky purple potions.
  3843 | D:4      | 3843 ||| READING 2 scrolls of identify.
  3843 | D:4      | 3843 ||| IDENTIFYING green potion
  3844 | D:4      | 3844 ||| DROPPING potion of lignification.
  3874 | D:5      | Entered Level 5 of the Dungeon
  3875 | D:5      | 3875 ||| PLANNING SEWER
  3877 | D:5      | 3877 ||| STAIRDANCE
  3989 | D:5      | 3989 ||| STAIRDANCE
  4198 | D:5      | Found Ququps's Magic Scroll Boutique.
  4207 | D:5      | 4207 ||| BUYING scroll of enchant armour (105 gold).
  4207 | D:5      | Bought a scroll of enchant armour for 105 gold pieces
  4207 | D:5      | 4207 ||| BUYING scroll of identify (28 gold).
  4207 | D:5      | Bought a scroll of identify for 28 gold pieces
  4207 | D:5      | 4207 ||| BUYING scroll of identify (28 gold).
  4207 | D:5      | Bought a scroll of identify for 28 gold pieces
  4207 | D:5      | 4207 ||| BUYING scroll of teleportation (42 gold).
  4207 | D:5      | Bought a scroll of teleportation for 42 gold pieces
  4207 | D:5      | 4207 ||| SHOPLISTING scroll of teleportation (42 gold, have
                  | 6).
  4207 | D:5      | 4207 ||| READING scroll of enchant armour.
  4207 | D:5      | 4207 ||| ENCHANTING +1 pair of gloves.
  4252 | D:5      | Reached skill level 7 in Axes
  4296 | D:5      | 4296 ||| Stepping ~*~*~tactically~*~*~ (hiding).
  4300 | D:5      | 4300 ||| DRINKING potion of curing.
  4300 | D:5      | 4300 ||| (to cure confusion)
  4323 | D:5      | 4323 ||| DROPPING +0 mace.
  4368 | D:5      | 4368 ||| Stepping ~*~*~tactically~*~*~ (stealth).
  4372 | D:5      | 4372 ||| Stepping ~*~*~tactically~*~*~ (stealth).
  4378 | D:5      | 4378 ||| SWAPPING to +0 war axe.
  4386 | D:5      | Reached skill level 3 in Fighting
  4386 | D:5      | 4386 ||| FLEEEEING.
  4387 | D:5      | 4387 ||| FLEEEEING.
  4388 | D:5      | 4388 ||| FLEEEEING.
  4389 | D:5      | 4389 ||| FLEEEEING.
  4390 | D:5      | 4390 ||| FLEEEEING.
  4391 | D:5      | 4391 ||| FLEEEEING.
  4396 | D:5      | 4396 ||| FLEEEEING.
  4397 | D:5      | 4397 ||| FLEEEEING.
  4398 | D:5      | 4398 ||| FLEEEEING.
  4399 | D:5      | 4399 ||| FLEEEEING.
  4400 | D:5      | 4400 ||| FLEEEEING.
  4401 | D:5      | 4401 ||| FLEEEEING.
  4402 | D:5      | 4402 ||| FLEEEEING.
  4403 | D:5      | 4403 ||| FLEEEEING.
  4404 | D:5      | 4404 ||| FLEEEEING.
  4405 | D:5      | 4405 ||| FLEEEEING.
  4406 | D:5      | 4406 ||| FLEEEEING.
  4407 | D:5      | 4407 ||| FLEEEEING.
  4408 | D:5      | 4408 ||| FLEEEEING.
  4409 | D:5      | 4409 ||| FLEEEEING.
  4410 | D:5      | 4410 ||| FLEEEEING.
  4411 | D:5      | 4411 ||| FLEEEEING.
  4412 | D:5      | 4412 ||| FLEEEEING.
  4413 | D:5      | 4413 ||| FLEEEEING.
  4414 | D:5      | 4414 ||| FLEEEEING.
  4424 | D:5      | Slain by an ogre

Levels and vault maps discovered:
D:1:      lemuel_arrival_cross, layout_basic, hellmonk_ecumenical_altar_zigzags
D:2:      wander_river, layout_loops_ring, nicolae_underground_beach
D:3:      layout_loops_ring
D:4:      layout_gridville, jmf_multi_god_temple2, kennysheep_doodads,
          minmay_misc_feat_doors, kennysheep_small_circle
D:5:      layout_cave_pools, minmay_temple_entry_enclosed_plants,
          gammafunk_ghost_stat_death, serial_shops, shop, portal_sewer_entry_d

Skill      XL: |  1  2  3  4  5  6 |
---------------+-------------------+-----
Axes           | 3 4 5 6 7 |  7.0
Armour         | 2 |  2.3
Fighting       | 3 |  3.2
Throwing       | |  1.0
Dodging        | |  2.1
Spellcasting   | |  2.0
Translocations | |  2.4

Action                   |  1- 3 |  4- 6 || total
-------------------------+-------+-------++-------
Melee: Hand axe          |    81 |    96 ||   177
       Kick              |    22 |    30 ||    52
       Peck              |     8 |    16 ||    24
       War axe           |       |     7 ||     7
Throw: Boomerang         |     7 |       ||     7
  Use: Scroll            |     5 |     6 ||    11
       Potion            |     1 |     2 ||     3
Armor: Leather armour    |    25 |     1 ||    26
       Scale mail        |       |     7 ||     7
       Fire dragon scale |       |    16 ||    16
Dodge: Dodged            |    35 |    57 ||    92

Table legend:
 A = Non-vault XP
 B = Vault XP
 C = Vault XP percentage of total XP
 D = Non-vault monster count
 E = Vault monster count
 F = Vault count percentage of total count
                 A         B        C        D         E       F
            +---------+---------+-------+---------+---------+-------
      Total |     597 |       4 |   0.7 |      92 |       2 |   2.1
            +---------+---------+-------+---------+---------+-------
        D:1 |      49 |       0 |   0.0 |      26 |       0 |   0.0
        D:2 |      27 |       0 |   0.0 |      14 |       0 |   0.0
        D:3 |      48 |       0 |   0.0 |      18 |       0 |   0.0
        D:4 |     302 |       4 |   1.3 |      21 |       2 |   8.7
        D:5 |     171 |       0 |   0.0 |      13 |       0 |   0.0
            +---------+---------+-------+---------+---------+-------
